 Dungeon Crawl Stone Soup version 0.21.1-1-g345015fe64 (webtiles) character file.

252 DwarfAlpaca the Skirmisher (level 6, -17/41 HPs)
             Began as a Gargoyle Monk on Apr 6, 2018.
             Demolished by an ogre
             ... wielding a +0 giant spiked club
              (22 damage)
             ... on level 4 of the Dungeon.
             The game lasted 00:07:55 (3320 turns).

DwarfAlpaca the Skirmisher (Gargoyle Monk)          Turns: 3320, Time: 00:07:56

Health: -17/41     AC:  7    Str: 20    XL:     6   Next: 14%
Magic:  6/6        EV: 12    Int: 11    God:
Gold:   161        SH:  0    Dex: 12    Spells: 5/5 levels left

rFire    . . .     SeeInvis .   a - +0 hand axe
rCold    . . .     Gourm    .   (no shield)
rNeg     + + .     Faith    .   b - +0 robe
rPois    ∞         Spirit   .   (no helmet)
rElec    +         Reflect  .   e - +0 cloak
rCorr    .         Harm     .   (no gloves)
MR       .....                  (no boots)
Stlth    ++........             (no amulet)
HPRegen  0.13/turn              k - +4 ring of strength
MPRegen  0.10/turn              d - ring of positive energy

@: no status effects
A: negative energy resistance 1, electricity resistance, unbreathing,
petrification resistance, rot immunity, AC +4
a: no special abilities


You were on level 4 of the Dungeon.
You were not hungry.

You visited 2 branches of the dungeon, and saw 6 of its levels.
You also visited: Ossuary.

You collected 161 gold pieces.

Inventory:

Hand Weapons
 a - a +0 hand axe (weapon)
Missiles
 v - a throwing net (quivered)
Armour
 b - a +0 robe (worn)
 e - a +0 cloak (worn)
Jewellery
 d - a ring of positive energy (right hand)
 k - a +4 ring of strength (left hand)
Wands
 s - a wand of iceblast (1)
 t - a wand of polymorph (12)
Scrolls
 f - 2 scrolls of amnesia {unknown}
 l - 3 scrolls of teleportation {unknown}
 m - a scroll of remove curse {unknown}
 n - 5 scrolls of identify {unknown}
 p - 2 scrolls of fog {unknown}
 q - a scroll of magic mapping {unknown}
 r - 2 scrolls of blinking {unknown}
 u - a scroll of enchant armour {unknown}
Potions
 g - a potion of brilliance {unknown}
 h - 2 potions of mutation {unknown}
 i - 3 potions of haste {unknown}
 j - 4 potions of curing
 o - a potion of resistance {unknown}
 w - a potion of degeneration {unknown}
 z - a potion of lignification {unknown}
 A - a potion of ambrosia {unknown}
 B - a potion of heal wounds {unknown}
Comestibles
 c - 4 rations


   Skills:
 * Level 5.6 Fighting
 + Level 3.8 Axes
 + Level 3.0 Armour
 - Level 2.4 Dodging
 - Level 2.1 Stealth


You had 5 spell levels left.
You didn't know any spells.

Dungeon Overview and Level Annotations

Branches:
Dungeon (5/15)             Temple (1/1) D:4

Altars:
Ashenzari
Cheibriados
Dithmenos
Elyvilon
Gozag
Hepliaklqana
Kikubaaqudgha
Makhleb
Nemelex Xobeh
Okawaru
Ru
Sif Muna
Trog
Vehumet
Xom
Yredelemnul

Shops:
D:4 %


Innate Abilities, Weirdness & Mutations

You are resistant to torment.
Your stone body is resilient. (AC +4)
You are immune to poison.
You resist negative energy. (rN+)
You are resistant to electric shocks. (rElec)
You can survive without breathing.
You are immune to petrification.
You are immune to rotting.


Message History

The ogre barely misses you.
You slash the ogre!
The ogre is moderately wounded.
You barely miss the ogre.
The ogre is moderately wounded.
The ogre barely misses you.
You barely miss the ogre.
The ogre is moderately wounded.
The ogre hits you with a giant spiked club!!
Ouch! That really hurt!
Evoke which item? (* to show all) (? for menu, Esc to quit)
Okay, then.
There is a stone staircase leading up here.
The ogre hits you with a giant spiked club!
* * * LOW HITPOINT WARNING * * *
You climb upwards.
There is a stone staircase leading down here.
The ogre hits you with a giant spiked club!!
Ouch! That really hurt!
You die...

.###.......#####.###
.########..........#
..# ##.............#
..###..##..........#
......####..#.######
....### #...#.#####
.##.#####.#.......#
.##.......##......#
##...####.......@.#
...#:# ####...O..#
...#.# ##.......#
...#.## ##.....>..#
##....###..#......#
#..#.##..#########
##.##.##.##
...#.....# ######
#........# ####....#


You could see an ogre.

Vanquished Creatures
  2 mummies (Ossuary)
  Jessica (D:3)
  A worker ant (D:4)
  A hound skeleton (D:3)
  Robin (D:3)
  6 adders
  2 oozes (D:1)
  A worm (D:4)
  5 dart slugs
  2 leopard geckos (D:2)
  2 orcs
  A ball python (D:3)
  2 bats
  A bat zombie (D:3)
  6 hobgoblins
  2 jackals (D:4)
  4 kobolds
  A quokka (D:4)
  2 frilled lizards
  14 goblins
  A leopard gecko skeleton (D:4)
  7 rats
  A rat zombie (D:3)
66 creatures vanquished.

Notes
Turn   | Place    | Note
-------+----------+-------------------------------------------
     0 | D:1      | DwarfAlpaca the Gargoyle Monk began the quest for the Orb.
     0 | D:1      | Reached XP level 1. HP: 14/14 MP: 1/1
     2 | D:1      | Found a shadowy altar of Dithmenos.
    41 | D:1      | Reached XP level 2. HP: 15/19 MP: 2/2
   246 | D:1      | Reached skill level 1 in Armour
   457 | D:1      | Reached XP level 3. HP: 23/24 MP: 3/3
   518 | D:1      | Reached skill level 4 in Fighting
   934 | D:2      | Reached XP level 4. HP: 30/30 MP: 4/4
   999 | D:2      | Found a burning altar of Makhleb.
  1162 | D:2      | Found a basalt altar of Yredelemnul.
  1381 | D:3      | Noticed Robin
  1403 | D:3      | Killed Robin
  1743 | D:3      | Reached XP level 5. HP: 30/34 MP: 5/5
  1757 | D:3      | Found a shadowy altar of Dithmenos.
  1868 | D:3      | Reached skill level 5 in Fighting
  1912 | D:3      | Noticed Jessica
  1923 | D:3      | Killed Jessica
  2121 | D:3      | Found an ancient bone altar of Kikubaaqudgha.
  2219 | D:4      | Found Veraffan's Food Shoppe.
  2356 | D:4      | Found a shimmering altar of Xom.
  2404 | D:4      | Identified Owium's Grimoire of Helpful Dark Arts
  2474 | D:4      | Found a staircase to the Ecumenical Temple.
  2485 | Temple   | Entered the Ecumenical Temple
  2732 | D:4      | Found a sand-covered staircase.
  2749 | Ossuary  | Entered an ossuary
  2768 | Ossuary  | Reached XP level 6. HP: 27/40 MP: 6/6
  3264 | D:5      | Entered Level 5 of the Dungeon
  3320 | D:4      | Demolished by an ogre

Skill      XL: |  1  2  3  4  5  6 |
---------------+-------------------+-----
Armour         | 1 2 3 |  3.0
Axes           | 3 |  3.8
Fighting       | 4 5 |  5.6
Dodging        | |  2.4
Stealth        | |  2.1

Action                   |  1- 3 |  4- 6 || total
-------------------------+-------+-------++-------
Melee: Hand axe          |    84 |   189 ||   273
  Use: Potion            |       |     1 ||     1
 Stab: Sleeping          |     4 |     5 ||     9
  Eat: Chunk             |       |     8 ||     8
Armor: Robe              |    27 |    71 ||    98
Dodge: Dodged            |    65 |   113 ||   178
